 Dungeon Crawl Stone Soup version 0.24-a0-355-gbe4061d (webtiles) character file.

Game seed: 9361846218847776415

168 Spazmo the Magician (level 5, -6/28 HPs)
             Began as a Deep Elf Fire Elementalist on May 24, 2019.
             Mangled by Sigmund
             ... wielding a +0 scythe
              (14 damage)
             ... on level 2 of the Dungeon.
             The game lasted 00:04:52 (1436 turns).

Spazmo the Magician (Deep Elf Fire Elementalist)    Turns: 1436, Time: 00:04:52

Health: -6/28      AC:  2    Str:  5    XL:     5   Next: 23%
Magic:  10/14      EV: 13    Int: 21    God:
Gold:   50         SH:  0    Dex: 15    Spells: 7/13 levels left

rFire    . . .     SeeInvis .   j - +2 dagger (freeze)
rCold    . . .     Gourm    .   (no shield)
rNeg     . . .     Faith    .   a - +0 robe
rPois    .         Spirit   .   (no helmet)
rElec    .         Reflect  .   (no cloak)
rCorr    .         Harm     .   (no gloves)
MR       .....                  (no boots)
Stlth    ++........             (no amulet)
HPRegen  0.09/turn              (no ring)
MPRegen  0.14/turn              (no ring)

@: no status effects
A: no striking features
a: no special abilities


You were on level 2 of the Dungeon.
You were hungry.

You visited 1 branch of the dungeon, and saw 2 of its levels.

You collected 50 gold pieces.

Inventory:

Hand Weapons
 j - a +2 dagger of freezing (weapon)
Missiles
 b - 3 stones (quivered)
Armour
 a - a +0 robe (worn)
Scrolls
 f - 3 scrolls of teleportation
 k - 2 scrolls of identify {unknown}
 l - a scroll of remove curse {unknown}
Potions
 d - a potion of might {unknown}
 g - a potion of agility {unknown}
 h - a potion of berserk rage {unknown}
Comestibles
 c - 4 rations
 i - a chunk of flesh


   Skills:
 - Level 2.5 Dodging
 - Level 2.6 Stealth
 + Level 4.9 Spellcasting
 + Level 3.2 Conjurations
 + Level 4.5 Fire Magic


You had 7 spell levels left.
You knew the following spells:

 Your Spells              Type           Power        Failure   Level  Hunger
a - Flame Tongue          Conj/Fire      ###..        2%          1    None
b - Throw Flame           Conj/Fire      ###...       3%          2    None
c - Conjure Flame         Conj/Fire      ###.....     7%          3    ##.....

Your spell library contained the following spells:

 Spells                   Type           Power        Failure   Level  Hunger
 Inner Flame              Hex/Fire       ##......     13%         3    ##.....
 Sticky Flame             Conj/Fire      ###.....     22%         4    ####...
 Fireball                 Conj/Fire      ###.......   52%         5    #####..


Dungeon Overview and Level Annotations

Branches:
Dungeon (2/15)

Altars:
Nemelex Xobeh

Annotations:
D:2 Sigmund


Message History

You feel better. Something hits you.
* * * LOW HITPOINT WARNING * * *
Things that are here:
a +0 shortbow; 13 arrows; a centaur corpse
Casting: Flame Tongue (safe; 2% risk of failure)
Confirm with . or Enter, or press ? or * to list all spells.
You don't know that spell.
You closely miss something.
A kobold comes into view.
Something barely misses you.
Casting: Flame Tongue (safe; 2% risk of failure)
Confirm with . or Enter, or press ? or * to list all spells.
Aiming: Conjure Flame (safe; 7% risk of failure)
Press: ? - help, Dir - move target cursor The fire ignites!
You are feeling hungry.
Something hits you!
Ouch! That really hurt!
You die...

.......... ####
##########.##
##..###≈≈##..#..... #..#
##.##.#.≈≈.#..#.#.##
#...##.###8#.≈≈.#..#.#...
#..).#.#####.≈≈.#..# ####
#....##.## #.≈≈.#..#
#....#.#.# #.≈≈.#..#
#....#.#@###.≈≈.#^.#
#<#.#.#####§##.≈≈††..# #
#.....).####.#.≈≈.##÷# #
#...#(##.###.#.≈≈.#..# #
#.#....##.#.##.≈≈.#8.# #
#..($###.###.≈≈.##.# #
#....# #.# #.≈≈.##.# #
#....###.# #.≈≈.##.# #
#...###.## #.≈≈.#).# #


There were no monsters in sight!

Vanquished Creatures
  A centaur (D:2)
  Natasha (D:2)
  2 adders (D:2)
  An ooze (D:2)
  3 worms (D:2)
  A dart slug (D:2)
  A leopard gecko (D:1)
  4 giant cockroaches
  4 goblins
  3 hobgoblins
  6 kobolds
  2 ball pythons
  3 bats
  A frilled lizard (D:2)
  7 rats
40 creatures vanquished.

Notes
Turn   | Place    | Note
-------+----------+-------------------------------------------
     0 | D:1      | Spazmo the Deep Elf Fire Elementalist began the quest for
                  | the Orb.
     0 | D:1      | Reached XP level 1. HP: 10/10 MP: 6/6
   395 | D:1      | Reached XP level 2. HP: 15/15 MP: 6/8
   448 | D:1      | Learned a level 2 spell: Throw Flame
   720 | D:2      | Found a sparkling altar of Nemelex Xobeh.
   814 | D:2      | Reached XP level 3. HP: 12/19 MP: 5/10
   833 | D:2      | Learned a level 3 spell: Conjure Flame
  1134 | D:2      | Noticed Natasha
  1142 | D:2      | Killed Natasha
  1142 | D:2      | Reached XP level 4. HP: 5/24 MP: 2/12
  1413 | D:2      | Noticed Sigmund
  1414 | D:2      | Noticed a centaur
  1423 | D:2      | Killed a centaur
  1423 | D:2      | Reached XP level 5. HP: 3/28 MP: 11/14
  1436 | D:2      | Mangled by Sigmund

Levels and vault maps discovered:
D:1:      dpeg_arrival_ratfight, layout_loops_ring
D:2:      wad_river_or_something, layout_basic,
          nemelex_xobeh_ov_fountains_minmay, uniq_natasha, uniq_sigmund

Skill      XL: |  1  2  3  4 |
---------------+-------------+-----
Conjurations   | 2 3 |  3.2
Spellcasting   | 4 |  4.9
Fire Magic     | 4 |  4.5
Dodging        | |  2.5
Stealth        | |  2.6

Action                   |  1- 3 |  4- 6 || total
-------------------------+-------+-------++-------
Melee: Dagger            |     1 |     2 ||     3
Throw: Stone             |     1 |     1 ||     2
 Cast: Flame Tongue      |    58 |    18 ||    76
       Throw Flame       |     2 |     1 ||     3
       Conjure Flame     |       |     1 ||     1
  Use: Scroll            |     1 |       ||     1
       Potion            |       |     1 ||     1
  Eat: Chunk             |     1 |       ||     1
Armor: Robe              |     1 |     2 ||     3
Dodge: Dodged            |    11 |     7 ||    18

Table legend:
 A = Non-vault XP
 B = Vault XP
 C = Vault XP percentage of total XP
 D = Non-vault monster count
 E = Vault monster count
 F = Vault count percentage of total count
                 A         B        C        D         E       F
            +---------+---------+-------+---------+---------+-------
      Total |      83 |     157 |  65.4 |      26 |      14 |  35.0
            +---------+---------+-------+---------+---------+-------
        D:1 |      14 |       5 |  26.3 |       8 |       5 |  38.5
        D:2 |      69 |     152 |  68.8 |      18 |       9 |  33.3
            +---------+---------+-------+---------+---------+-------
